 Dungeon Crawl Stone Soup version 0.18.1-6-gd335043 (webtiles) character file.

193 HungrySpirit the Insei (level 5, 0/34 HPs)
             Began as an Octopode Skald on May 18, 2016.
             Slain by an orc
             ... wielding a +0 trident
              (9 damage)
             ... on level 3 of the Dungeon.
             The game lasted 00:09:01 (3432 turns).

HungrySpirit the Insei (Octopode Skald)             Turns: 3432, Time: 00:09:02

Health: 0/34       AC:  1    Str: 16    XL:     5   Next: 72%
Magic:  8/8        EV: 12    Int: 15    God:
Gold:   154        SH:  0    Dex: 12    Spells: 1 memorised, 7 levels left

rFire  . . .     SeeInvis +       - Unarmed
rCold  . . .     Gourm    .     (no shield)
rNeg   . . .     Faith    .     (helmet restricted)
rPois  .         Spirit   .     (no amulet)
rElec  .         Dismiss  .     o - ring of see invisible
rCorr  .         Reflect  .     (no ring)
SustAt .         Harm     .     (no ring)
MR     .....                    (no ring)
Stlth  ++++......               (no ring)
                                (no ring)
                                (no ring)
                                (no ring)

@: mighty, not resistant to hostile enchantments, stealthy
A: almost no armour, amphibious, 8 rings, constrict 8, camouflage 1, gelatinous
body 1
a: no special abilities


You were on level 3 of the Dungeon.
You were not hungry.

You visited 1 branch of the dungeon, and saw 3 of its levels.

You collected 154 gold pieces.

Inventory:

Missiles
 m - 15 poisoned needles
Jewellery
 h - an uncursed ring of fire
 o - a ring of see invisible (left tentacle)
Scrolls
 f - 2 scrolls of remove curse {unknown}
 i - a scroll of fog {unknown}
 l - a scroll of fear {unknown}
 q - 4 scrolls of identify {unknown}
 r - a scroll of enchant armour {unknown}
 t - a scroll of teleportation {unknown}
 v - a scroll of noise {unknown}
 w - a scroll of immolation {unknown}
Potions
 d - 3 potions of curing
 e - a potion of berserk rage {unknown}
 g - 2 potions of resistance {unknown}
 k - 2 potions of degeneration {unknown}
 n - a potion of cure mutation {unknown}
 s - a potion of heal wounds {unknown}
Books
 a - a book of Battle

   Spells                             Type                      Level
   a - Infusion                       Charms                       1
   b - Shroud of Golubria             Charms/Translocation         2
   c - Song of Slaying                Charms                       2
   d - Spectral Weapon                Hexes/Charms                 3
   e - Regeneration                   Charms/Necromancy            3
Comestibles
 b - 2 bread rations
 j - 2 meat rations
 p - 2 fruits
 u - a slice of pizza


   Skills:
 - Level 2.0 Fighting
 + Level 2.6 Dodging
 + Level 3.7 Stealth
 * Level 4.4 Unarmed Combat
 - Level 2.0 Spellcasting
 - Level 3.0 Charms


You had 7 spell levels left.
You knew the following spells:

 Your Spells              Type           Power        Failure   Level  Hunger
a - Infusion              Chrm           ##..         8%          1    #......


Dungeon Overview and Level Annotations

Branches:
Dungeon (3/15)

Altars:

Annotations:
D:3 exclusion: door


Innate Abilities, Weirdness & Mutations

You cannot wear most types of armour.
You are amphibious.
You can wear up to eight rings at the same time.
You can use your tentacles to constrict eight enemies at once.
Your skin changes colour to match your surroundings (Stealth).
Your rubbery body absorbs attacks (AC +1).


Message History

The orc hits you from afar with a trident.
* * * LOW HITPOINT WARNING * * *
You swing at nothing.
The orc barely misses you.
You swing at nothing.
The orc hits you from afar with a trident.
* * * LOW HITPOINT WARNING * * *
Drink which item? (? for menu, Esc to quit)
You feel better. The orc misses you.
Drink which item? (? for menu, Esc to quit)
You feel very mighty all of a sudden. The orc closely misses you.
You swing at nothing.
You swing at nothing.
The orc hits you from afar with a trident.
* * * LOW HITPOINT WARNING * * *
You swing at nothing.
The orc closely misses you.
You swing at nothing.
The orc closely misses you.
You swing at nothing.
The orc hits you from afar with a trident!
You die...

#.# ##'## #.##.# #.# #.#
##.##.# #.# #.# #.#..<# #.#
##.## ##.#### #.######
##...## #.#
#.##...###.....#######.####
#.#.....###......†.........
#.......###..##############
###.......@).# ##...#####o#
##### #.# #.# ######## #o#
#......# #o# #.####.# #.#
#.# #.# # ###o#####.####.#
###.#######...)........#.#


You could see an orc.

Vanquished Creatures
  An orc wizard (D:3)
  Ijyb (D:2)
  5 adders
  2 dart slugs (D:1)
  2 giant geckos
  7 orcs (D:3)
  6 giant cockroaches
  12 goblins
  17 hobgoblins
  3 jackals (D:3)
  5 bats
  A jackal skeleton (D:3)
  9 kobolds
  8 rats
79 creatures vanquished.

Notes
Turn   | Place    | Note
--------------------------------------------------------------
     0 | D:1      | HungrySpirit the Octopode Skald began the quest for the Orb.
     0 | D:1      | Reached XP level 1. HP: 14/14 MP: 3/3
    55 | D:1      | Reached XP level 2. HP: 19/19 MP: 5/5
   345 | D:1      | Reached skill level 3 in Unarmed Combat
   569 | D:1      | Reached skill level 1 in Stealth
   704 | D:1      | Reached XP level 3. HP: 24/24 MP: 6/6
  1721 | D:2      | Reached XP level 4. HP: 9/29 MP: 3/7
  2029 | D:2      | Noticed Ijyb
  2039 | D:2      | Killed Ijyb
  2575 | D:3      | Reached XP level 5. HP: 33/34 MP: 8/8
  2754 | D:3      | Reached skill level 4 in Unarmed Combat
  3432 | D:3      | Slain by an orc

Skill      XL: |  1  2  3  4  5 |
---------------+----------------+-----
Unarmed Combat | 3 4 |  4.4
Stealth        | 1 2 3 |  3.7
Dodging        | 2 |  2.6
Fighting       | |  2.0
Spellcasting   | |  2.0
Charms         | |  3.0

Action                   |  1- 3 |  4- 6 || total
-------------------------+-------+-------++-------
Melee: Unarmed           |    83 |   105 ||   188
       Constrict         |    22 |    26 ||    48
       Tentacles         |     8 |    17 ||    25
       Punch             |     3 |     4 ||     7
 Cast: Infusion          |     1 |     3 ||     4
  Use: Potion            |       |     4 ||     4
 Stab: Sleeping          |    10 |    10 ||    20
  Eat: Chunk             |     2 |     6 ||     8
Armor: Skin              |     4 |     3 ||     7
Dodge: Dodged            |    33 |    62 ||    95
